 Dungeon Crawl Stone Soup version 0.25.1-9-gc5326a611f (webtiles) character file.

Game seed: 13635108211301687928

267 RETERIOR the Stinger (level 6, -2/46 HPs)
             Began as a Draconian Venom Mage on Jan 2, 2021.
             Slain by a gnoll
             ... wielding a +0 halberd
              (10 damage)
             ... on level 3 of the Dungeon.
             The game lasted 00:18:42 (3512 turns).

RETERIOR the Stinger (Draconian Venom Mage)         Turns: 3512, Time: 00:18:43

Health: -2/46      AC: 11    Str: 10    XL:     6   Next: 0%
Magic:  6/11       EV: 12    Int: 18    God:
Gold:   143        SH:  0    Dex: 11    Spells: 11/12 levels left

rFire    . . .     SeeInvis .   l - +1 mace (protect)
rCold    . . .     Gourm    .   (no shield)
rNeg     . . .     Faith    .   (armour unavailable)
rPois    .         Spirit   .   (helmet restricted)
rElec    .         Reflect  .   h - +0 cloak
rCorr    .         Harm     .   (no gloves)
MR       .....                  (no boots)
Stlth    ++........             (no amulet)
HPRegen  0.15/turn              t - +4 ring of protection
MPRegen  0.12/turn              (no ring)

@: about to teleport
A: unfitting armour, cold-blooded, AC +6
a: no special abilities


You were on level 3 of the Dungeon.
You were not hungry.

You visited 1 branch of the dungeon, and saw 3 of its levels.

You collected 143 gold pieces.

Inventory:

Hand Weapons
 e - a +0 club
 f - a +0 whip
 i - a +0 hunting sling
 l - a +1 mace of protection (weapon)
Missiles
 k - 205 stones (quivered)
Armour
 d - a +0 leather armour
 h - a +0 cloak (worn)
 o - a +0 naga barding
 r - a +0 robe
 s - a +1 robe of cold resistance
Jewellery
 t - a +4 ring of protection (left hand)
Scrolls
 j - a scroll of fog {unknown}
 n - a scroll of amnesia
 p - a scroll of teleportation
 q - 4 scrolls of identify
 u - 2 scrolls of remove curse
 w - a scroll of enchant weapon {unknown}
 x - a scroll of magic mapping {unknown}
Potions
 c - a potion of stabbing
 g - a potion of brilliance {unknown}
 m - a potion of lignification {unknown}
 v - a potion of mutation {unknown}
Comestibles
 b - 5 rations


   Skills:
 + Level 0.9 Fighting
 + Level 1.7 Maces & Flails
 + Level 2.5 Dodging
 + Level 2.4 Stealth
 + Level 3.5 Spellcasting
 + Level 2.3 Transmutations
 + Level 4.0 Poison Magic


You had 11 spell levels left.
You knew the following spells:

 Your Spells              Type           Power        Failure   Level  Hunger
a - Sting                 Tmut/Pois      ##..         4%          1    None

Your spell library contained the following spells:

 Spells                   Type           Power        Failure   Level  Hunger
 Poisonous Vapours        Pois/Air       ##....       11%         2    ##.....
 Ignite Poison            Fire/Tmut/Pois ##......     19%         3    ###....
 Mephitic Cloud           Conj/Pois/Air  #.......     26%         3    ###....
 Olgreb's Toxic Radiance  Pois           ###.....     28%         4    ####...


Dungeon Overview and Level Annotations

Branches:
Dungeon (3/15)

Altars:

Annotations:
D:2 Natasha


Innate Abilities, Weirdness & Mutations

Your plain brown scales are hard. (AC +6)
You cannot fit into any form of body armour.
You are cold-blooded and may be slowed by cold attacks.


Message History

The sting misses the gnoll.
The sting hits the gnoll.
The gnoll is poisoned.
The gnoll is moderately wounded.
The gnoll barely misses you. x2
The gnoll looks more healthy.
Casting: Sting (safe; 4% risk of failure)
Confirm with . or Enter, or press ? or * to list all spells.
Aiming: Sting (safe; 4% risk of failure)
Press: ? - help, Shift-Dir - straight line, f/p - gnoll
Aim: a gnoll (almost dead)
The sting hits the gnoll.
The gnoll is poisoned.
The gnoll is almost dead.
The gnoll hits you but does no damage. The gnoll closely misses you.
The gnoll hits you.
* * * LOW HITPOINT WARNING * * *
The gnoll hits you but does no damage.
The gnoll looks more healthy. x2; The gnoll hits you but does no damage.
As you read the scroll of teleportation, it crumbles to dust.
You feel strangely unstable.
The gnoll hits you from afar with a +0 halberd!
You die...

#........# #####........#
....'........# #####...)....#
#........# ####....## #....#
#....###### #........@#
#########g# #g## #g.# ##K#
####.## #.....# #.###.#####
##############..##.....##########


You could see a big kobold and 3 gnolls.

Vanquished Creatures
  An orc priest (D:3)
  Jessica (D:2)
  Natasha (D:2)
  A gnoll (D:3)
  6 adders
  2 worms
  3 dart slugs
  3 leopard geckos
  4 orcs (D:3)
  2 ball pythons
  8 bats
  2 giant cockroaches
  18 goblins
  12 hobgoblins
  10 jackals
  7 kobolds
  6 frilled lizards
  8 rats
95 creatures vanquished.

Vanquished Creatures (others)
  An adder (D:3)
  A goblin (D:3)
2 creatures vanquished.

Grand Total: 97 creatures vanquished

Notes
Turn   | Place    | Note
-------+----------+-------------------------------------------
     0 | D:1      | RETERIOR the Draconian Venom Mage began the quest for the
                  | Orb.
     0 | D:1      | Reached XP level 1. HP: 14/14 MP: 3/3
   179 | D:1      | Reached XP level 2. HP: 20/20 MP: 5/5
   900 | D:2      | Reached XP level 3. HP: 20/26 MP: 0/6
  1220 | D:2      | Noticed Jessica
  1440 | D:2      | Reached skill level 1 in Maces & Flails
  2020 | D:2      | Reached XP level 4. HP: 32/33 MP: 4/8
  2082 | D:2      | Killed Jessica
  2334 | D:2      | Noticed Natasha
  2344 | D:2      | Killed Natasha
  2344 | D:2      | Reached XP level 5. HP: 31/39 MP: 4/9
  2452 | D:2      | Noticed Natasha
  3242 | D:3      | Reached skill level 4 in Poison Magic
  3495 | D:3      | Reached XP level 6. HP: 17/46 MP: 8/11
  3512 | D:3      | Slain by a gnoll

Illustrated notes

Levels and vault maps discovered:
D:1:      dpeg_arrival_orchard, layout_basic
D:2:      layout_rooms, first_ration, chequers_ecumenical_altar_grove,
          uniq_natasha, uniq_jessica
D:3:      minmay_goblin_kobold_castle, layout_basic, uniq_grinder

Skill      XL: |  1  2  3  4  5 |
---------------+----------------+-----
Stealth        | 2 |  2.4
Dodging        | 2 |  2.5
Maces & Flails | 1 |  1.7
Spellcasting   | 3 |  3.5
Transmutations | 2 |  2.3
Poison Magic   | 4 |  4.0
Fighting       | |  0.9

Action                   |  1- 3 |  4- 6 || total
-------------------------+-------+-------++-------
Melee: Unarmed           |     9 |       ||     9
       Whip              |    14 |       ||    14
       Club              |     1 |       ||     1
       Mace              |    61 |    47 ||   108
       Tailslap          |     5 |     1 ||     6
 Cast: Sting             |    41 |    70 ||   111
  Use: Scroll            |     5 |     4 ||     9
       Potion            |     1 |     1 ||     2
 Stab: Sleeping          |     1 |       ||     1
  Eat: Ration            |     1 |     1 ||     2
       Chunk             |       |     2 ||     2
Armor: Skin              |    88 |    49 ||   137
Dodge: Dodged            |   161 |   107 ||   268
